 Dungeon Crawl Stone Soup version 0.30.0-15-g856e2d3f33 (webtiles) character file.

Game seed: 3728610314335305073

822 Strykforce the Magician (level 7, -3/36 HPs)
             Began as a Gargoyle Venom Mage on May 17, 2023.
             Killed by divine providence
             ... invoked by an orc priest
              (14 damage)
             ... on level 5 of the Dungeon on May 18, 2023.
             The game lasted 00:16:35 (5417 turns).

Strykforce the Magician (Gargoyle Venom Mage)       Turns: 5417, Time: 00:16:36

Health: -3/36      AC:  8    Str: 11    XL:     7   Next: 95%
Magic:  16/16      EV: 11    Int: 18    God:
Gold:   133        SH:  0    Dex: 10    Spells: 8/18 levels left

rFire   . . .        p - staff of cold
rCold   + + .        (no shield)
rNeg    + . .        a - +0 robe
rPois   ∞            t - +1 hat
rElec   +            (no cloak)
rCorr   +            f - +0 pair of gloves
SInv    .            (no boots)
Will    .....        (no amulet)
Stlth   ++           j - ring of protection from cold
HPRegen 0.26/turn    o - ring of resist corrosion
MPRegen 0.15/turn

%: no passive effects
@: no status effects
A: sickness immunity, AC +4, negative energy resistance 1, electricity
resistance, torment resistance 1, petrification resistance
a: no special abilities


You were on level 5 of the Dungeon.
You visited 1 branch of the dungeon, and saw 5 of its levels.

You collected 133 gold pieces.

Inventory:

Armour
 a - a +0 robe (worn)
 f - a +0 pair of gloves (worn)
 t - a +1 hat (worn)
Magical Staves
 p - a staff of cold (weapon)
Jewellery
 j - a ring of protection from cold (left hand)
 o - a ring of resist corrosion (right hand)
 u - a ring of ice
Wands
 s - a wand of paralysis (6)
 y - a wand of iceblast (7)
Scrolls
 d - 2 scrolls of enchant armour {unknown}
 e - a scroll of immolation {unknown}
 h - 4 scrolls of teleportation
 l - 2 scrolls of enchant weapon {unknown}
 m - a scroll of amnesia {unknown}
 n - 2 scrolls of identify {unknown}
 r - a scroll of brand weapon {unknown}
 v - a scroll of torment {unknown}
 w - 2 scrolls of fear {unknown}
 x - a scroll of magic mapping {unknown}
Potions
 b - a potion of magic
 c - a potion of ambrosia {unknown}
 g - 4 potions of resistance {unknown}
 i - 3 potions of mutation {unknown}
 k - 3 potions of curing {unknown}
 q - a potion of heal wounds {unknown}


   Skills:
 - Level 1.5 Dodging
 - Level 2.1 Stealth
 - Level 6.0 Spellcasting
 + Level 4.0 Conjurations
 - Level 0.7 Transmutations
 + Level 1.2 Air Magic
 - Level 5.0 Poison Magic


You had 8 spell levels left.
You knew the following spells:

 Your Spells              Type           Power      Damage    Failure   Level
a - Sting                 Tmut/Pois      60%        1d6       3%          1
b - Mephitic Cloud        Conj/Pois/Air  17%        N/A       9%          3
c - Olgreb's Toxic Radia  Pois           23%        N/A       16%         4
d - Blink                 Tloc           10%        N/A       19%         2

Your spell library contained the following spells:

 Spells                   Type           Power      Damage    Failure   Level
 Poisonous Vapours        Pois/Air       32%        N/A       4%          2
 Momentum Strike          Conj/Tloc      24%        3d8       8%          2
 Apportation              Tloc           10%        N/A       12%         1
 Necrotise                Necr           20%        1d5       12%         1
 Summon Small Mammal      Summ           20%        N/A       12%         1
 Lesser Beckoning         Tloc           10%        N/A       19%         2
 Call Canine Familiar     Summ           5%         N/A       34%         3
 Summon Guardian Golem    Hex/Summ       5%         N/A       34%         3


Dungeon Overview and Level Annotations

Branches:
Dungeon (5/15)
 Temple: D:4-7

Altars:
Nemelex Xobeh
Qazlal
Wu Jian
Xom
The Shining One

Shops:
D:1 !


Innate Abilities, Weirdness & Mutations

You are immune to sickness and miasma.
Your stone body is resilient. (AC +4)
You are immune to poison.
You resist negative energy. (rN+)
You are resistant to electric shocks. (rElec)
You are resistant to unholy torment.
You are immune to petrification.


Message History

Casting: Sting (safe; 3% risk of failure)
Confirm with . or Enter, or press ? or * to list all spells.
You can't see any susceptible monsters within range! (Use Z to cast anyway.) Unknown command.
You start resting.
An orc wizard is nearby!
An orc wizard is nearby!
An orc wizard is nearby!
Casting: Sting (safe; 3% risk of failure)
Confirm with . or Enter, or press ? or * to list all spells.
You can't see any susceptible monsters within range! (Use Z to cast anyway.)
An orc priest comes into view. It is wielding a +0 dagger.
The orc wizard gestures at you while chanting.
The puff of flame hits you but does no damage.
Casting: Sting (safe; 3% risk of failure)
Confirm with . or Enter, or press ? or * to list all spells.
You can't see any susceptible monsters within range! (Use Z to cast anyway.) Unknown command.
The orc priest calls down the wrath of Beogh upon you.
Beogh smites you!
The orc wizard gestures at you while chanting.
You are confused.
The orc priest calls down the wrath of Beogh upon you.
Beogh smites you!
* * * LOW HITPOINT WARNING * * *
The orc priest looks satisfied for a moment.
The orc wizard gestures wildly while chanting.
The orc wizard flickers and vanishes!
Deactivating autopickup; reactivate with Ctrl-A.
The orc shouts!
The orc throws a boomerang.
The boomerang barely misses you.
Things that are here:
a +0 chain mail; a +0 dagger Something hits you but does no damage.
You closely miss something.
You feel less confused.
The orc priest miscasts a cantrip.
The orc priest invokes the aid of Beogh against you.
Beogh smites you!
You die...

..................#....
#...
.......................
....
......................> .
................o..#####..
..................o.......
................o.........
.....#..........{...##...
....###........[.....#
...$ ##.##....@....## ...
....#...).....# ..
#...#.........##
######..........
##...........
#.>..........
##.#...#....# ###.####...#


You could see an orc priest and 2 orcs.

Vanquished Creatures
  Edmund (D:4)
  A water moccasin (D:4)
  An ogre (D:4)
  A bullfrog (D:4)
  A jelly (D:4)
  2 hounds (D:4)
  A sleepcap (D:4)
  Jessica (D:2)
  2 iguanas (D:5)
  2 orc wizards (D:4)
  Natasha (D:4)
  7 adders
  3 worms (D:2)
  2 dart slugs
  5 orcs
  10 ball pythons
  10 endoplasms
  6 giant cockroaches
  7 goblins
  11 hobgoblins
  2 jackals (D:3)
  8 quokkas
  6 bats
  3 frilled lizards
  6 kobolds
  6 rats
106 creatures vanquished.

Notes
Turn   | Place    | Note
-------+----------+-------------------------------------------
     0 | D:1      | Strykforce the Gargoyle Venom Mage began the quest for the
                  | Orb.
     0 | D:1      | Reached XP level 1. HP: 10/10 MP: 3/3
     1 | D:1      | Noticed an electric eel
   238 | D:1      | Reached XP level 2. HP: 13/15 MP: 1/5
   530 | D:1      | Found Nachago's Distillery.
   792 | D:1      | Reached XP level 3. HP: 19/19 MP: 4/6
   796 | D:1      | Learned a level 3 spell: Mephitic Cloud
   844 | D:1      | Upgraded the game from 0.30.0-12-gd5a94ecb5d to
                  | 0.30.0-15-g856e2d3f33
  1391 | D:2      | Reached skill level 3 in Spellcasting
  1428 | D:2      | Reached XP level 4. HP: 15/24 MP: 4/8
  2246 | D:2      | Noticed Jessica
  2253 | D:2      | Killed Jessica
  2254 | D:2      | Reached skill level 1 in Conjurations
  2342 | D:2      | Reached XP level 5. HP: 24/28 MP: 2/10
  2407 | D:2      | Learned a level 4 spell: Olgreb's Toxic Radiance
  2410 | D:2      | Learned a level 2 spell: Blink
  2721 | D:3      | Found a stormy altar of Qazlal.
  2739 | D:3      | Found a sparkling altar of Nemelex Xobeh.
  2823 | D:3      | Found a shimmering altar of Xom.
  3449 | D:3      | Found an ornate altar of the Wu Jian Council.
  3459 | D:3      | Found a glowing golden altar of the Shining One.
  3557 | D:3      | Reached skill level 1 in Air Magic
  3938 | D:4      | Noticed Natasha
  3941 | D:4      | Reached skill level 4 in Spellcasting
  3946 | D:4      | Killed Natasha
  4017 | D:4      | Noticed an ogre
  4165 | D:4      | Noticed Edmund
  4201 | D:4      | Reached XP level 6. HP: 31/32 MP: 7/12
  4405 | D:4      | Killed Edmund
  4514 | D:4      | Reached skill level 5 in Poison Magic
  4514 | D:4      | Reached XP level 7. HP: 36/36 MP: 10/13
  5109 | D:5      | Entered Level 5 of the Dungeon
  5117 | D:5      | Reached skill level 5 in Spellcasting
  5371 | D:4      | Reached skill level 6 in Spellcasting
  5417 | D:5      | Killed from afar by an orc priest

Illustrated notes

Levels and vault maps discovered:
D:1:      arrival_aquarium_a, layout_loops_ring, serial_shops, shop,
          minivault_11
D:2:      minmay_thinvault, layout_rooms, minivault_5,
          kennysheep_generic_room_8, uniq_jessica
D:3:      layout_loops_corners, nicolae_overflow_crystal_walls,
          nemelex_xobeh_ov_fountains_minmay, lemuel_crystal_altar,
          mainiacjoe_overflow_divided_tiny, minmay_fractal_squares_gapless_5
D:4:      layout_loops_cross, uniq_edmund, uniq_natasha
D:5:      layout_cave_pools, uniq_eustachio

Skill      XL: |  1  2  3  4  5  6  7 |
---------------+----------------------+-----
Spellcasting   | 3 4 6 |  6.0
Conjurations   | 1 3 4 |  4.0
Poison Magic   | 4 5 |  5.0
Air Magic      | 1 |  1.2
Dodging        | |  1.5
Stealth        | |  2.1
Transmutations | |  0.7

Action                     |  1- 3 |  4- 6 |  7- 9 || total
---------------------------+-------+-------+-------++-------
  Melee: Unarmed           |    66 |    24 |       ||    90
         Staff             |       |    20 |     6 ||    26
   Cast: Sting             |    51 |   140 |    60 ||   251
         Blink             |       |     1 |       ||     1
    Use: Scroll            |       |     1 |       ||     1
 Armour: Robe              |    24 |    45 |    21 ||    90
  Dodge: Dodged            |    50 |    64 |    35 ||   149
